 Dungeon Crawl Stone Soup version 0.30.0-3-ga4e48a9924 (webtiles) character file.

Game seed: 13849593830304069021

43453 Strat the Geomancer (level 14, -3/88 HPs)
             Began as a Kobold Earth Elementalist on May 7, 2023.
             Was a High Priest of Vehumet.
             Slain by a boulder beetle (33 damage)
             ... on level 5 of the Lair of Beasts.
             The game lasted 01:09:43 (26109 turns).

Strat the Geomancer (Kobold Earth Elementalist)    Turns: 26109, Time: 01:09:43

Health: -3/88      AC: 11    Str:  6    XL:     14   Next: 60%
Magic:  9/28       EV: 40    Int: 20    God:    Vehumet [*****.]
Gold:   1185       SH:  0    Dex: 16    Spells: 12/33 levels left

rFire   . . .        b - +3 dagger (venom)
rCold   . . .        (no shield)
rNeg    . . .        y - +0 steam dragon scales
rPois   .            g - +1 helmet
rElec   .            n - +0 cloak
rCorr   .            P - +0 pair of gloves
SInv    .            w - +0 pair of boots
Will    ++...        u - amulet of the acrobat
Stlth   +++++        o - ring of willpower
HPRegen 0.34/turn    M - +5 ring of evasion
MPRegen 0.21/turn

%: acrobat
@: lethally poisoned (-3 -> -4), acrobatic
A: small, no large weapons, nightstalker 3
a: Renounce Religion


You were on level 5 of the Lair of Beasts.
You worshipped Vehumet.
Vehumet was extremely pleased with you.
You visited 4 branches of the dungeon, and saw 18 of its levels.
You also visited: Ossuary.

You collected 1185 gold pieces.

Inventory:

Hand Weapons
 b - a +3 dagger of venom (weapon)
 D - the +3 whip "Spiderbane" {freeze, *Corrode rElec rC+++ Int+2}
   (You found it on level 7 of the Dungeon)

   Int:       It affects your intelligence (+2).
   rC:        It renders you almost immune to cold.
   rElec:     It insulates you from electricity.
   *Corrode:  It may corrode you when you take damage.
Missiles
 p - 4 curare-tipped darts
Armour
 g - a +1 helmet (worn)
 n - a +0 cloak (worn)
 w - a +0 pair of boots (worn)
 y - +0 steam dragon scales (worn)
 B - a +1 leather armour of fire resistance
 P - a +0 pair of gloves (worn)
Jewellery
 e - an amulet of regeneration
 o - a ring of willpower (left hand)
 t - a ring of willpower
 u - an amulet of the acrobat (around neck)
 z - a ring of fire
 L - a ring of flight
 M - a +5 ring of evasion (right hand)
Wands
 r - a wand of mindburst (9)
 x - a wand of iceblast (16)
 K - a wand of digging (15)
 N - a wand of paralysis (8)
 Q - a wand of quicksilver (2)
Scrolls
 f - a scroll of immolation
 h - 3 scrolls of teleportation
 i - 4 scrolls of magic mapping
 j - 4 scrolls of vulnerability
 E - 2 scrolls of fog
 F - 6 scrolls of identify
 I - 2 scrolls of brand weapon
 O - 2 scrolls of enchant weapon
Potions
 c - a potion of flight
 d - 3 potions of ambrosia
 k - 2 potions of resistance
 l - 4 potions of brilliance
 m - 4 potions of attraction
 q - a potion of magic
 s - 5 potions of lignification
 v - 4 potions of curing
 A - 3 potions of mutation
 C - 2 potions of might
 G - 4 potions of haste
 H - 6 potions of heal wounds
 J - 3 potions of cancellation
Miscellaneous
 R - a condenser vane (inert)


   Skills:
 - Level 10.0 Fighting
 - Level 10.0 Short Blades
 - Level 4.0 Armour
 - Level 10.0 Dodging
 - Level 10.0 Stealth
 - Level 10.0 Spellcasting
 + Level 9.8 Conjurations
 - Level 4.0 Translocations
 - Level 5.0 Transmutations
 - Level 10.0 Earth Magic
 - Level 5.0 Evocations


You had 12 spell levels left.
You knew the following spells:

 Your Spells              Type           Power      Damage    Failure   Level
a - Sandblast             Erth           100%       2d20      1%          1
b - Passwall              Tmut/Erth      33%        N/A       1%          2
c - Stone Arrow           Conj/Erth      98%        3d13      1%          3
d - Petrify               Tmut/Erth      40%        N/A       3%          4
e - Vhi's Electric Charg  Tloc/Air       36%        N/A       9%          3
f - Iskenderun's Mystic   Conj/Tloc      37%        2d9       1%          4
g - Apportation           Tloc           52%        N/A       1%          1
h - Swiftness             Air            10%        N/A       21%         3

Your spell library contained the following spells:

 Spells                   Type           Power      Damage    Failure   Level
 Lesser Beckoning         Tloc           52%        N/A       1%          2
 Sticky Flame             Conj/Fire      29%        2d5       2%          4
 Ignite Poison            Fire/Tmut/Pois 16%        N/A       3%          3
 Gell's Gravitas          Tloc           26%        N/A       4%          3
 Teleport Other           Tloc           26%        N/A       4%          3
 Frozen Ramparts          Ice            20%        1d4       5%          3
 Necrotise                Necr           40%        1d6       7%          1
 Summon Small Mammal      Summ           40%        N/A       7%          1
 Arcjolt                  Conj/Air       14%        1d24      7%          5
 Spider Form              Tmut/Pois      20%        N/A       8%          3
 Portal Projectile        Hex/Tloc       36%        N/A       9%          3
 Ensorcelled Hibernation  Hex/Ice        20%        N/A       11%         2
 Ozocubu's Armour         Ice            10%        N/A       21%         3
 Tukima's Dance           Hex            10%        N/A       21%         3
 Ice Form                 Ice/Tmut       20%        N/A       24%         4
 Blade Hands              Tmut           15%        N/A       24%         5
 Anguish                  Hex/Necr       5%         N/A       56%         4
 Cause Fear               Hex            5%         N/A       56%         4
 Summon Ice Beast         Ice/Summ       10%        N/A       56%         4
 Summon Forest            Summ/Tloc      9%         N/A       63%         5
 Eringya's Noxious Bog    Tmut/Pois      10%        N/A       65%         6
 Dispersal                Tloc           13%        N/A       90%         6
 Plasma Beam              Fire/Air       5%         2x1d17    92%         6
 Enfeeble                 Hex            5%         N/A       100%        7
 Ozocubu's Refrigeration  Ice            5%         4d8       100%        7
 Summon Hydra             Summ           5%         N/A       100%        7
 Ignition                 Fire           5%         3d4       100%        8


Dungeon Overview and Level Annotations

Branches:
Dungeon (11/15)            Temple (1/1) D:5            Lair (5/5) D:9
  Swamp (0/4) Lair:3        Snake (0/4) Lair:3        Slime (1/5) Lair:5
Ossuary (visited)
    Orc: D:9-12

Altars:
Ashenzari
Cheibriados
Dithmenos
Elyvilon
Fedhas
Gozag
Hepliaklqana
Kikubaaqudgha
Makhleb
Nemelex Xobeh
Okawaru
Qazlal
Ru
Sif Muna
Trog
Uskayaw
Vehumet
Wu Jian
Yredelemnul
Zin
The Shining One

Shops:
D:9 *==[

Annotations:
D:2 1 runed translucent door, Crazy Yiuf
D:5 3 runed translucent doors
D:9 2 transporters, Gastronok; workbot's ghost, novice DrBe
D:11 Nergalle
Lair:4 exclusion: oklob plant


Innate Abilities, Weirdness & Mutations

You are small and have problems with some larger weapons.
You are completely attuned to the shadows.


Message History

The cane toad misses you. The elephant barely misses you.
The elephant trunk-slaps you but does no damage.
You hit the cane toad but do no damage.
The cane toad is lightly wounded.
The elephant tramples you!
* * * LOW HITPOINT WARNING * * *
You hold your ground!
The elephant trunk-slaps you but does no damage.
The cane toad stings you!
* * * LOW HITPOINT WARNING * * *
You are poisoned.
The cane toad poisons you!
Aiming: Dig
Press: ? - help, Shift-Dir - straight line, p - cane toad A rock wall.
The rock shatters into small pieces.
You feel very sick. The elephant misses you. The elephant closely misses you.
The cane toad completely misses you. The elephant tramples you!
* * * LOW HITPOINT WARNING * * *
You hold your ground!
The elephant completely misses you. The elephant attacks as you move away!
The elephant misses you. The elephant completely misses you.
The cane toad attacks as you move away!
The cane toad stings you but does no damage.
You feel sick.
A cane toad comes into view.
You feel sick.
As you read the scroll of fear, it crumbles to dust.
You assume a fearsome visage.
The elephant looks frightened! x2
The cane toad looks frightened!
The cane toad croaks.
The cane toad looks frightened!
You feel sick.
You feel sick.
You feel sick.
A boulder beetle comes into view.
You feel sick.
You feel sick.
The boulder beetle curls into a ball and begins rolling!
You feel sick. The boulder beetle hits you!!
You die...

.........~~~~
.............~~~
...S............~##~
...........Y.....~~~~
..................~~~
.........#........÷~~~
..........#.#.P..P.~#~
Y.....B.####...#...##~
.....@######......~.~~
......# ##...P.#P#~~~~
......# #..Y..####.#~~
.....Y####..### #~#~~
...$#..###...# #~...
.....##.###†### ##...
...# ##.#~~≈≈# #... ..
##..≈≈≈# ##†..
##YY≈≈####.#..


You could see a boulder beetle (rolling) and an elephant.

Vanquished Creatures
  A merfolk avatar (Lair:5)
  A two-headed ogre (D:9)
  2 death yaks (Lair:3)
  2 boulder beetles
  Lodul (D:11)
  Amaemon (Lair:3)
  2 skysharks
  A sea snake (Lair:5)
  A bog body (Lair:3)
  A harpy (Lair:5)
  2 cyclopes (D:11)
  17 elephants
  7 black mambas
  2 torpor snails
  11 cane toads
  An orange demon (Lair:3)
  2 rime drakes (Lair:2)
  17 komodo dragons
  A troll (D:10)
  A wind drake (Lair:5)
  A polar bear (Lair:5)
  2 dream sheep (Lair:1)
  21 blink frogs
  A snapping turtle (Lair:5)
  A shadow (D:9)
  3 wyverns
  4 hogs (D:8)
  A wraith (D:10)
  2 basilisks (D:9)
  A human (D:8)
  37 yaks
  2 steam dragons
  12 water moccasins
  An acid dragon (D:10)
  A sky beast (D:7)
  5 orc warriors
  3 ice beasts
  A black bear (D:7)
  11 ogres
  10 wolves (Lair:2)
  2 centaurs
  A phantom (D:5)
  2 kobold brigands
  11 bullfrogs
  4 scorpions
  4 water moccasin zombies (Ossuary)
  4 wights (D:9)
  2 howler monkeys
  2 electric eels
  A crimson imp (D:6)
  A jelly (D:5)
  2 hounds (D:5)
  6 orc priests
  4 iguanas
  5 orc wizards
  3 mummies
  6 adders
  3 gnolls (D:6)
  A shadow imp (D:6)
  2 white imps
  6 adder zombies (Ossuary)
  A worm (D:4)
  5 dart slugs
  21 orcs
  2 ball pythons
  6 endoplasms
  3 giant cockroaches
  3 gnoll zombies (Ossuary)
  4 hobgoblins
  2 jackals (D:1)
  2 quokkas
  7 bats
  5 frilled lizards
  11 goblins
  A goblin zombie (D:7)
  6 hobgoblin zombies (Ossuary)
  19 kobolds
  3 kobold zombies (Ossuary)
  4 orc zombies
  3 rats
374 creatures vanquished.

Vanquished Creatures (others)
  31 fungi
  40 plants
71 creatures vanquished.

Grand Total: 445 creatures vanquished

Notes
Turn   | Place    | Note
-------+----------+-------------------------------------------
     0 | D:1      | Strat the Kobold Earth Elementalist began the quest for the
                  | Orb.
     0 | D:1      | Reached XP level 1. HP: 10/10 MP: 3/3
   275 | D:1      | Reached XP level 2. HP: 15/15 MP: 1/5
   328 | D:1      | Learned a level 2 spell: Passwall
   918 | D:1      | Reached XP level 3. HP: 19/19 MP: 4/6
  1567 | D:2      | Found a runed translucent door.
  1570 | D:2      | Noticed Crazy Yiuf
  2010 | D:3      | Found a basalt altar of Yredelemnul.
  2047 | D:3      | Learned a level 3 spell: Stone Arrow
  2087 | D:3      | Reached XP level 4. HP: 24/24 MP: 3/7
  2194 | D:3      | Found a faded altar of an unknown god.
  2373 | D:3      | Reached skill level 5 in Stealth
  3030 | D:3      | Reached XP level 5. HP: 28/28 MP: 6/8
  3338 | D:4      | Reached skill level 5 in Earth Magic
  3666 | D:4      | Noticed a centaur
  3732 | D:4      | Reached XP level 6. HP: 28/32 MP: 5/9
  3988 | D:4      | Reached skill level 1 in Conjurations
  4433 | D:5      | Entered Level 5 of the Dungeon
  4433 | D:5      | Noticed an ogre
  4872 | D:5      | Found a staircase to the Ecumenical Temple.
  4872 | D:5      | Noticed a water moccasin
  4978 | D:5      | Reached XP level 7. HP: 16/36 MP: 5/10
  5356 | D:5      | Reached skill level 1 in Fighting
  5530 | D:5      | Killed a water moccasin
  5531 | D:5      | Reached XP level 8. HP: 40/45 MP: 5/11
  5576 | Temple   | Entered the Ecumenical Temple
  5852 | Temple   | Became a worshipper of Vehumet
  5915 | D:5      | Learned a level 4 spell: Petrify
  6075 | D:5      | Found a runed translucent gate.
  6076 | D:5      | Found a runed translucent gate.
  6077 | D:5      | Found a runed translucent gate.
  6321 | D:5      | Found a sparkling altar of Nemelex Xobeh.
  7384 | D:6      | Reached XP level 9. HP: 52/52 MP: 9/13
  8076 | D:7      | Found a shadowy altar of Dithmenos.
  8101 | D:7      | Identified the +3 whip "Spiderbane" {freeze, *Corrode rElec
                  | rC+++ Int+2}
  8119 | D:7      | Reached skill level 5 in Dodging
  8374 | D:7      | Found a sand-covered staircase.
  8397 | Ossuary  | Entered an ossuary
  8465 | Ossuary  | Reached * piety under Vehumet
  8465 | Ossuary  | Offered knowledge of Magic Dart by Vehumet.
  9392 | D:8      | Found an iron altar of Okawaru.
  9725 | D:8      | Reached skill level 5 in Transmutations
  9920 | D:8      | Found a hide-covered altar of Uskayaw.
 10029 | D:8      | Reached XP level 10. HP: 36/58 MP: 17/17
 10038 | D:8      | Reached skill level 5 in Spellcasting
 10053 | D:8      | Reached skill level 5 in Fighting
 10053 | D:8      | Upgraded the game from 0.30.0 to 0.30.0-3-ga4e48a9924
 10058 | D:8      | Offered knowledge of Foxfire by Vehumet.
 10273 | D:8      | Reached ** piety under Vehumet
 11138 | D:9      | Found a staircase to the Lair.
 11138 | D:9      | Noticed an elephant
 11219 | D:9      | Noticed a boulder beetle
 11562 | D:9      | Killed a boulder beetle
 11624 | D:9      | Noticed a two-headed ogre
 12029 | D:9      | Found a transporter.
 12029 | D:9      | Noticed workbot's ghost (novice DrBe)
 12031 | D:9      | Noticed a two-headed ogre
 12031 | D:9      | Noticed Gastronok
 12531 | D:9      | Found Vimiecec's Antique Armour Shop.
 12532 | D:9      | Found Peis Qel's Jewellery Shop.
 12533 | D:9      | Found Jaedamev's Jewellery Shop.
 12534 | D:9      | Found Geuts's General Store.
 12701 | D:9      | Found a transporter.
 12737 | D:9      | Noticed a five-headed hydra
 12742 | D:9      | Noticed a cyclops
 13109 | D:9      | Reached XP level 11. HP: 32/67 MP: 14/18
 13499 | D:8      | Killed an elephant
 13923 | D:9      | Reached skill level 10 in Earth Magic
 14128 | D:10     | Entered Level 10 of the Dungeon
 14140 | D:10     | Reached skill level 10 in Dodging
 14211 | D:10     | Reached skill level 1 in Short Blades
 14332 | D:10     | Found an ornate altar of the Wu Jian Council.
 14378 | D:10     | Offered knowledge of Scorch by Vehumet.
 14871 | D:10     | Found a white marble altar of Elyvilon.
 14871 | D:10     | Found a glowing silver altar of Zin.
 14872 | D:10     | Found a glowing golden altar of the Shining One.
 15487 | D:11     | Noticed a cyclops
 15511 | D:11     | Noticed a cyclops
 15603 | D:11     | Found an iron altar of Okawaru.
 15760 | D:11     | Noticed Nergalle
 16469 | D:11     | Noticed Lodul
 16482 | D:11     | Killed Lodul
 16595 | D:11     | Killed a cyclops
 16999 | D:11     | Killed a cyclops
 17234 | D:11     | Noticed a spectral orc warlord
 17418 | D:9      | Killed a two-headed ogre
 17419 | D:9      | Reached XP level 12. HP: 76/76 MP: 17/21
 17458 | Lair:1   | Entered Level 1 of the Lair of Beasts
 17760 | Lair:1   | Learned a level 3 spell: Vhi's Electric Charge
 17800 | Lair:1   | Reached *** piety under Vehumet
 17900 | Lair:1   | Reached skill level 10 in Fighting
 18743 | Lair:1   | Reached skill level 10 in Stealth
 18765 | Lair:1   | Reached skill level 5 in Short Blades
 18934 | Lair:1   | Offered knowledge of Iskenderun's Mystic Blast by Vehumet.
 19008 | Lair:1   | Learned a level 4 spell: Iskenderun's Mystic Blast
 19331 | Lair:1   | Reached skill level 1 in Translocations
 19714 | Lair:2   | Noticed a skyshark
 19935 | Lair:2   | Reached **** piety under Vehumet
 19936 | Lair:2   | Reached XP level 13. HP: 70/82 MP: 25/25
 20015 | Lair:2   | Offered knowledge of Fireball by Vehumet.
 20422 | Lair:2   | Found an ornate altar of the Wu Jian Council.
 20534 | Lair:2   | Reached skill level 5 in Conjurations
 20666 | Lair:2   | Found a hide-covered altar of Uskayaw.
 21380 | Lair:3   | Found a staircase to the Snake Pit.
 21430 | Lair:3   | Identified the +0 war axe of Youthful Indiscretion {speed,
                  | rN+ Int+4}
 21432 | Lair:3   | Found a staircase to the Swamp.
 21440 | Lair:3   | Reached skill level 10 in Spellcasting
 21451 | Lair:3   | Noticed Amaemon
 22118 | Lair:3   | Killed Amaemon
 22119 | Lair:3   | Reached skill level 10 in Short Blades
 22546 | Lair:3   | Reached skill level 1 in Evocations
 22561 | Lair:3   | Reached skill level 1 in Armour
 23514 | Lair:4   | Learned a level 1 spell: Apportation
 23518 | Lair:4   | Learned a level 3 spell: Swiftness
 23721 | Lair:4   | Reached XP level 14. HP: 88/88 MP: 28/28
 24147 | Lair:5   | Entered Level 5 of the Lair of Beasts
 24607 | Lair:5   | Found a staircase to the Slime Pits.
 24699 | Slime:1  | Entered Level 1 of the Pits of Slime
 24714 | Lair:5   | Reached skill level 5 in Evocations
 25374 | Lair:5   | Reached ***** piety under Vehumet
 25448 | Lair:5   | Offered knowledge of Eringya's Noxious Bog by Vehumet.
 26109 | Lair:5   | Slain by a boulder beetle

Illustrated notes

Levels and vault maps discovered:
D:1:      minmay_arrival_plants_in_alcoves, layout_basic
D:2:      layout_rooms, uniq_crazy_yiuf_cottage
D:3:      layout_loops_corners, mainiacjoe_overflow_six_doors_small,
          shapermc_ecumenical_altar_totnotflames, minmay_misc_feat_five
D:4:      nicolae_cairo_tiling_large, layout_cave_pods, lemuel_tele_altar,
          minmay_statues_item, columned_hall_lemuel
D:5:      layout_basic, mainiacjoe_overflow_brackets,
          minmay_temple_entry_sparse_star, ebering_ghost_rock_garden
D:6:      layout_loops_cross, minmay_fire_ice_demons
D:7:      layout_basic, overflow_temple_1_default, nicolae_ossuary_entry_giza,
          grunt_decor_arrowhead
D:8:      cheibrodos_quashed, layout_basic, nicolae_uskayaw_dance_hall,
          mainiacjoe_overflow_catwalk, grunt_livestock, kennysheep_pointless_box
D:9:      layout_gridville, david_lair_generic, gammafunk_ghost_arena,
          minmay_shop_grid_forest, uniq_gastronok
D:10:     layout_cave_pods, good_gods_temple_1, old_standard_altar,
          grunt_ministairs_13
D:11:     layout_cave_pools, serial_rivers, chequers_serial_rivers_micro_e,
          chequers_serial_rivers_room_b, chequers_serial_rivers_marsh,
          chequers_serial_rivers_micro_d, chequers_serial_rivers_large_b,
          chequers_serial_rivers_micro_d,
          nicolae_concentric_dashed_squares_mild,
          hellmonk_okawaru_the_only_friend_you_need, uniq_nergalle, uniq_lodul
Temple:   nicolae_temple_bog_church
Lair:1:   layout_loops_ring, lemuel_fruit_fields, infiniplex_staircase_pool,
          grunt_megastairs_3
Lair:2:   layout_gridlike, nzn_masters_of_martial_movement
Lair:3:   layout_gridlike, skrybe_swamp_entry_bodies,
          minmay_snake_entry_six_corridors, uniq_amaemon
Lair:4:   layout_regular_city
Lair:5:   gammafunk_lair_ancient_temple, layout_hall_layers, slime_entry_1,
          chequers_serial_rivers_small_b, lemuel_fruit_fields
Slime:1:  layout_caves

Skill      XL: |  1  2  3  4  5  6  7  8  9 10 11 12 13 14 |
---------------+-------------------------------------------+-----
Stealth        | 3 4 5 8 10 | 10.0
Earth Magic    | 4 5 6 7 8 9 10 | 10.0
Conjurations   | 2 3 4 6 9 |  9.8
Fighting       | 2 4 7 9 10 | 10.0
Dodging        | 4 6 9 10 | 10.0
Transmutations | 3 5 |  5.0
Spellcasting   | 4 5 6 8 10 | 10.0
Short Blades   | 2 6 10 | 10.0
Translocations | 2 4 |  4.0
Evocations     | 3 5 |  5.0
Armour         | 2 4 |  4.0

Action                     |  1- 3 |  4- 6 |  7- 9 | 10-12 | 13-15 || total
---------------------------+-------+-------+-------+-------+-------++-------
  Melee: Dagger            |     7 |    21 |    67 |   423 |   465 ||   983
         Punch             |       |       |       |     6 |    12 ||    18
   Cast: Sandblast         |    48 |    61 |   158 |    49 |     5 ||   321
         Stone Arrow       |       |       |     2 |    82 |    75 ||   159
         Petrify           |       |       |     1 |    88 |    64 ||   153
         Iskenderun's Myst |       |       |       |       |     5 ||     5
  Evoke: Wand              |       |       |       |     6 |     6 ||    12
         Condenser vane    |       |       |       |       |     1 ||     1
    Use: Scroll            |       |       |    18 |    15 |     2 ||    35
         Potion            |       |       |       |     3 |       ||     3
   Stab: Sleeping          |       |     4 |       |    10 |    21 ||    35
         Petrified         |       |       |     3 |    88 |    27 ||   118
         Petrifying        |       |       |     1 |    17 |    30 ||    48
         Distracted        |       |       |       |     1 |     1 ||     2
         Paralysed         |       |       |       |     3 |       ||     3
 Armour: Robe              |     5 |     8 |    10 |       |       ||    23
         Leather armour    |       |       |    24 |    39 |       ||    63
         Steam dragon scal |       |       |       |    28 |    61 ||    89
  Dodge: Dodged            |    16 |    19 |   105 |   520 |   545 ||  1205
